 Dungeon Crawl Stone Soup version 0.20-a0-421-gf6b327c (webtiles) character file.

16 terra53 the Sneak (level 2, 12/13 HPs)
             Began as a Vine Stalker Enchanter on Dec 31, 2016.
             Quit the game on level 1 of the Dungeon.
             The game lasted 00:02:28 (779 turns).

terra53 the Sneak (Vine Stalker Enchanter)           Turns: 779, Time: 00:02:29

Health: 12/13      AC:  3    Str: 10    XL:     2   Next: 58%
Magic:  6/6        EV: 12    Int: 15    God:
Gold:   13         SH:  0    Dex: 14    Spells: 2/5 levels left

rFire  . . .     SeeInvis .     i - +0 dagger (speed)
rCold  . . .     Gourm    .     b - +1 robe
rNeg   . . .     Faith    .     (no shield)
rPois  .         Spirit   +     (no helmet)
rElec  .         Reflect  .     (no cloak)
rCorr  .         Harm     .     (no gloves)
MR     .....                    (no boots)
Stlth  +++.......               (no amulet)
                                (no ring)
                                (no ring)

@: no status effects
A: fangs 2, magic shield, antimagic bite, no potion heal 3, rot immunity
a: no special abilities


You were on level 1 of the Dungeon.
You were not hungry.

You visited 1 branch of the dungeon, and saw 1 of its levels.

You collected 13 gold pieces.

Inventory:

Hand Weapons
 a - a +1 dagger
 i - a +0 dagger of speed (weapon)
Armour
 b - a +1 robe (worn)
Scrolls
 e - 2 scrolls of identify {unknown}
 h - a scroll of teleportation {unknown}
Potions
 g - 2 potions of haste {unknown}
Books
 c - a book of Maledictions

   Spells                             Type                      Level
   a - Corona                         Hexes                        1
   b - Ensorcelled Hibernation        Hexes/Ice                    2
   c - Confuse                        Hexes                        3
   d - Tukima's Dance                 Hexes                        3
   e - Dazzling Spray                 Conjuration/Hexes            3
Comestibles
 d - a bread ration
 f - a meat ration


   Skills:
 + Level 1.3 Short Blades
 - Level 1.5 Dodging
 + Level 3.8 Stealth
 + Level 2.4 Spellcasting
 + Level 3.2 Hexes


You had 2 spell levels left.
You knew the following spells:

 Your Spells              Type           Power        Failure   Level  Hunger
a - Corona                Hex            ##.....      8%          1    #......
b - Ensorcelled Hibernat  Hex/Ice        #.....       17%         2    ###....


Dungeon Overview and Level Annotations

Branches:
Dungeon (1/15)

Altars:
Nemelex Xobeh


Innate Abilities, Weirdness & Mutations

You have extremely sharp teeth.
When hurt, damage is shared between your health and your magic reserves.
Your bite disrupts and absorbs the magic of your enemies.
Potions cannot restore your health.
You are immune to rotting.


Message History

The bat is severely wounded.
The bat closely misses you. The bat barely misses you.
You hit the bat.
You kill the bat!
Your magical contamination has completely faded away.
You now have 13 gold pieces (gained 5).
Found a mace.
You see here a mace.
You open the gate.
Found an escape hatch in the floor.
Found two jackal skeletons.
There is an open gate here.
Found a sparkling altar of Nemelex Xobeh.
Found an escape hatch in the floor.
All of the chunks of flesh in your inventory have rotted away.
There is a sparkling altar of Nemelex Xobeh here.
Found an escape hatch in the floor.
There is a sparkling altar of Nemelex Xobeh here.
Are you sure you want to abandon this character and quit the game? (Confirm with "yes".)

##...#.########'''####### #.#.#.#
######.########...####### #.#.#.#
.......###§§.##...#§§§.§# #.#.#.#
#########§§§§§#.>.#§§...###.#.#.#
##§§§§.#...#§§.§§##......# ######
##§§§§.#...#§§§§§###.#.### ......
###§§§##...#.§§§§# #.#.# ######
########...####### #.#.#
#>.......@.......> #.#.#
########...#########.#.#
##.§§§§#...#§§§§§##....#
##§§§§§#...#§§§§.###.###
##.§.§§#...#.§§§§###.#
##§§§§§#.>.#.§§§§##..#
##§§§§§#...#§§§§.#####
###############...#######
....)..########'''#####


There were no monsters in sight!

Vanquished Creatures
  2 bats (D:1)
  A giant cockroach (D:1)
  3 hobgoblins (D:1)
  2 jackals (D:1)
  A frilled lizard (D:1)
  3 goblins (D:1)
  A kobold (D:1)
  A rat (D:1)
14 creatures vanquished.

Vanquished Creatures (others)
  4 jackals (D:1)
4 creatures vanquished.

Grand Total: 18 creatures vanquished

Notes
Turn   | Place    | Note
-------+----------+-------------------------------------------
     0 | D:1      | terra53 the Vine Stalker Enchanter began the quest for the Orb.
     0 | D:1      | Reached XP level 1. HP: 9/9 MP: 4/4
   530 | D:1      | Reached skill level 1 in Short Blades
   530 | D:1      | Reached XP level 2. HP: 11/13 MP: 3/6
   629 | D:1      | Learned a level 2 spell: Ensorcelled Hibernation
   767 | D:1      | Found a sparkling altar of Nemelex Xobeh.
   779 | D:1      | Quit the game

Vault maps used:
D:1:      minmay_arrival_up_and_down, minmay_hedge_maze,
          minmay_misc_feat_square, nemelex_altar_shiori

Skill      XL: |  1 |
---------------+----+-----
Short Blades   | 1 |  1.3
Dodging        | |  1.5
Stealth        | |  3.8
Spellcasting   | |  2.4
Hexes          | |  3.2

Action                   || total
-------------------------++-------
Melee: Dagger            ||    52
       Bite              ||     5
 Cast: Corona            ||     6
 Stab: Sleeping          ||     1
Armor: Robe              ||    17
Dodge: Dodged            ||    33
